 Dungeon Crawl Stone Soup version 0.28.0-43-g3370ac3207 (webtiles) character file.

Game seed: 544239335802977377

7575 mortz the Destroyer (level 10, -2/74 HPs)
             Began as a Black Draconian Conjurer on Mar 5, 2022.
             Was a Believer of Vehumet.
             Slain by a two-headed ogre
             ... wielding a +0 giant spiked club
              (14 damage)
             ... on level 11 of the Dungeon.
             The game lasted 01:19:28 (14701 turns).

mortz the Destroyer (Black Draconian Conjurer)     Turns: 14701, Time: 01:19:29

Health: -2/74      AC: 14    Str: 12    XL:     10   Next: 97%
Magic:  15/23      EV: 13    Int: 27    God:    Vehumet [**....]
Gold:   263        SH:  0    Dex: 13    Spells: 17/28 levels left

rFire   . . .      SeeInvis +   W - +1 dire flail (drain) {mace}
rCold   . . .      Faith    .   (shield currently unavailable)
rNeg    . . .      Spirit   .   (armour unavailable)
rPois   +          Reflect  .   (helmet restricted)
rElec   +          Harm     .   P - +2 cloak
rCorr   .          Rampage  .   d - +2 pair of gloves
Will    .....                   M - +0 pair of boots of the Modern Orbs {rPois Str+2 Int+4 Dex-2 SInv}
Stlth   +++.......              Q - amulet of regeneration {@e2}
HPRegen 1.02/turn               E - +6 ring of dexterity
MPRegen 0.18/turn               B - ring of poison resistance

@: no status effects
A: breathe lightning, AC +7, unfitting armour, electricity resistance,
cold-blooded
a: Breathe Lightning, Renounce Religion


You were on level 11 of the Dungeon.
You worshipped Vehumet.
Vehumet was pleased with you.
You visited 2 branches of the dungeon, and saw 12 of its levels.

You collected 791 gold pieces.
You spent 528 gold pieces at shops.


Innate Abilities, Weirdness & Mutations

You can breathe wild blasts of lightning.
Your glossy black scales are hard. (AC +7)
You cannot fit into any form of body armour.
You are resistant to electric shocks. (rElec)
You are cold-blooded and may be slowed by cold attacks.


   Skills:
 + Level 2.7 Fighting
 + Level 2.5 Maces & Flails
 + Level 4.7 Dodging
 + Level 5.9 Stealth
 + Level 2.4 Shields
 + Level 9.9 Spellcasting
 + Level 10.6 Conjurations
 + Level 0.8 Translocations


You had 17 spell levels left.
You knew the following spells:

 Your Spells              Type           Power      Damage    Failure   Level
a - Magic Dart            Conj           100%       1d8       1%          1
b - Searing Ray           Conj           100%       2d8       1%          2
c - Fulminant Prism       Conj/Hex       21%        3d13      4%          4
d - Iskenderun's Mystic   Conj/Tloc      44%        2d10      4%          4

Your spell library contained the following spells:

 Spells                   Type           Power      Damage    Failure   Level
 Foxfire                  Conj/Fire      100%       2x1d9     1%          1
 Dazzling Flash           Conj/Hex       84%        N/A       1%          3
 Beastly Appendage        Tmut           26%        N/A       4%          1
 Corpse Rot               Necr/Air       26%        N/A       7%          2
 Wereblood                Tmut           13%        N/A       7%          2
 Confusing Touch          Hex            13%        N/A       13%         3
 Ozocubu's Armour         Ice            13%        N/A       13%         3
 Spider Form              Tmut/Pois      13%        N/A       13%         3
 Summon Guardian Golem    Hex/Summ       13%        N/A       13%         3
 Dispel Undead            Necr           13%        3d9       41%         4
 Orb of Destruction       Conj           31%        9d10      41%         7
 Metabolic Englaciation   Hex/Ice        6%         N/A       77%         5
 Yara's Violent Unravell  Hex/Tmut       6%         3d5       77%         5
 Spellforged Servitor     Conj/Summ      21%        N/A       99%         7
 Death Channel            Necr           6%         N/A       100%        6
 Simulacrum               Ice/Necr       6%         N/A       100%        6
 Enfeeble                 Hex            6%         N/A       100%        7

Inventory:

Hand Weapons
 o - a +0 rapier {short}
   (You found it on level 3 of the Dungeon)
 v - a +2 spear of venom {polearm}
   (You found it on level 4 of the Dungeon)
 x - a +0 vorpal dire flail {mace}
   (You took it off Edmund on level 4 of the Dungeon)
 A - a +2 flail of protection {mace}
   (You took it off an orc on level 5 of the Dungeon)
 D - a +3 great sword {long}
   (You took it off a wight on level 6 of the Dungeon)
 H - a +3 dagger {short}
   (You took it off a kobold on level 7 of the Dungeon)
 W - a +1 dire flail of draining (weapon) {mace}
   (You took it off a wight on level 10 of the Dungeon)
 X - a +5 spear {polearm}
   (You took it off a wight on level 10 of the Dungeon)
 Y - a +1 short sword of freezing {short}
   (You took it off a wight on level 10 of the Dungeon)
Missiles
 a - 195 stones {throwing}
 e - 24 poisoned darts {throwing}
 f - 5 curare-tipped darts {=fthrowing}
Armour
 d - a +2 pair of gloves (worn)
   (You found it on level 2 of the Dungeon)
 M - the +0 pair of boots of the Modern Orbs (worn) {rPois Str+2 Int+4 Dex-2 SInv}
   (You found it on level 8 of the Dungeon)

   Str:       It affects your strength (+2).
   Int:       It affects your intelligence (+4).
   Dex:       It affects your dexterity (-2).
   rPois:     It protects you from poison.
   SInv:      It lets you see invisible.
 P - a +2 cloak (worn)
   (You found it on level 8 of the Dungeon)
Jewellery
 l - an amulet of reflection
   (You found it on level 2 of the Dungeon)
 q - a ring of willpower
   (You found it on level 3 of the Dungeon)
 B - a ring of poison resistance (right hand)
   (You found it on level 5 of the Dungeon)
 E - a +6 ring of dexterity (left hand)
   (You found it on level 6 of the Dungeon)
 F - an amulet of the acrobat
   (You found it on level 6 of the Dungeon)
 Q - an amulet of regeneration (around neck) {@e2}
   (You bought it in a shop on level 4 of the Dungeon)
 T - an amulet of magic regeneration {@e2}
   (You found it on level 10 of the Dungeon)
Wands
 r - a wand of flame (27)
   (You found it on level 3 of the Dungeon)
 y - a wand of polymorph (14)
   (You found it on level 4 of the Dungeon)
 L - a wand of paralysis (4)
   (You found it on level 7 of the Dungeon)
Scrolls
 b - a scroll of teleportation {unknown}
 c - 2 scrolls of fear {unknown}
 g - 2 scrolls of blinking {!r}
 h - a scroll of summoning {unknown}
 j - 3 scrolls of amnesia
 k - 4 scrolls of enchant weapon
 p - 3 scrolls of silence {!r}
 w - 2 scrolls of torment {unknown}
 G - a scroll of fog {unknown}
 I - 2 scrolls of brand weapon {unknown}
 N - 3 scrolls of magic mapping {unknown}
 S - a scroll of noise {unknown}
 U - a scroll of identify {@r1}
Potions
 i - 3 potions of degeneration {unknown}
 m - 7 potions of curing {@q1}
 n - 2 potions of ambrosia {unknown}
 s - 2 potions of lignification {!q}
 t - 2 potions of brilliance {unknown}
 u - a potion of might {unknown}
 z - a potion of mutation {unknown}
 C - 2 potions of resistance {unknown}
 J - a potion of heal wounds {unknown}
 K - 2 potions of invisibility {unknown}
 O - 3 potions of attraction {unknown}
 V - a potion of cancellation {unknown}
Miscellaneous
 R - a piece from Xom's chessboard (15/15)
   (You found it on level 9 of the Dungeon)

Dungeon Overview and Level Annotations

Branches:
Dungeon (11/15)            Temple (1/1) D:6            Lair (0/6) D:10
    Orc: D:9-12

Altars:
Ashenzari
Dithmenos
Elyvilon
Fedhas
Gozag
Hepliaklqana
Kikubaaqudgha
Nemelex Xobeh
Okawaru
Qazlal
Sif Muna
Trog
Uskayaw
Vehumet
Wu Jian
Xom
Yredelemnul
Zin
The Shining One

Shops:
D:1 !   D:3 (=   D:4 *

Portals:
Trove: D:10 (give +3 storm dragon scales)

Annotations:
D:4 3 runed translucent doors, smarlow's ghost, novice DjCj

#..##...#
#...<.#
##....#####
##.#..##.#
#..###..##
#.. ##.####
#.# ##....#
#. #.#####
.. #@# #O##
... #....
#).## #..#
#..# ..#


You could see a two-headed ogre.


Message History

You lost 2 mp, and now have 20/23 mp.
The searing ray hits the acid dragon!
You kill the acid dragon!
Vehumet accepts your kill.
You feel your power returning. 😕 HP[+1] MP[+1] 😕 HP[+1] 😕 HP[+1] 😕 HP[+1] MP[+1] 😕 HP[+1]
A fire dragon is nearby! 😎 HP[+9] MP[+1]
Your hp is fully restored (74).
Your mp is fully restored (23).
There is a stone staircase leading up here.
(D) Dungeon (T) Temple (L) Lair
Where to? (Enter - D:10 @ (x,y), ? - help)
What level of the Lair of Beasts? (default 1, ? - help)
You see here 16 sling bullets.
The fire dragon roars deafeningly!
The fire dragon roars deafeningly!
The fire dragon breathes flames at you. The blast of flame hits you!!!
Ouch! That really hurt!
* * * LOW HITPOINT WARNING * * *
😨 HP[-39]
You take 39 damage, and now have 35/74 hp.
MASSIVE DAMAGE!! (PAUSE) Really read
g - 3 scrolls of blinking {!r}?
Uppercase [Y]es or [N]o only, please.
Really read
g - 3 scrolls of blinking {!r}?
Blink to where?
Press: ? - help, Dir - move target
As you read the scroll of blinking {!r}, it crumbles to dust. 😨 HP[+1] 😨 HP[+1]
There is a stone staircase leading up here. 😮 HP[+1]
You climb upwards.
There is a stone staircase leading down here. 😮 HP[+3]
You regained 3 hp, and now have 41/74 hp.
You start resting. 😎 HP[+33]
Your hp is fully restored (74).
You see here a +0 leather armour.
You see here a +0 great mace {mace}.
There is a stone staircase leading down here.
You climb downwards.
There is a stone staircase leading up here.
There is a stone staircase leading down here.
You climb downwards.
There is a stone staircase leading up here.
You now have 263 gold pieces (gained 13).
A two-headed ogre comes into view.
It is wielding a +0 giant spiked club and a +0 giant club.
Casting: Searing Ray (safe; 1% risk of failure)
Confirm with . or Enter, or press ? or * to list all spells.
Aiming: Searing Ray (safe; 1% risk of failure)
Press: ? - help, Shift-Dir - straight line, f - two-headed ogre
Aim: a two-headed ogre, wielding a +0 giant spiked club and a +0 giant club (asleep, 100% to hit)
The searing ray hits the two-headed ogre.
The two-headed ogre shouts in stereo! (Press . to maintain the ray.) 😎 MP[-2]
You lost 2 mp, and now have 21/23 mp.
The searing ray hits the two-headed ogre. 😎 MP[-1]
You lost 1 mp, and now have 20/23 mp.
The searing ray hits the two-headed ogre! 😎 MP[-1]
You lost 1 mp, and now have 19/23 mp.
The searing ray hits the two-headed ogre!
You finish channelling your searing ray.
The two-headed ogre hits you with a +0 giant spiked club!
The two-headed ogre misses you. 😕 HP[-8] MP[-1]
You take 8 damage, and now have 66/74 hp.
You lost 1 mp, and now have 18/23 mp.
Casting: Searing Ray (safe; 1% risk of failure)
Confirm with . or Enter, or press ? or * to list all spells.
Aiming: Searing Ray (safe; 1% risk of failure)
Press: ? - help, Shift-Dir - straight line, f/p - two-headed ogre
Aim: a two-headed ogre, wielding a +0 giant spiked club and a +0 giant club (heavily wounded, 92% to hit)
The searing ray hits the two-headed ogre! (Press . to maintain the ray.)
The two-headed ogre hits you with a +0 giant spiked club!!
The two-headed ogre hits you with a +0 giant club!!
* * * LOW HITPOINT WARNING * * *
😨 HP[-41] MP[-2]
You take 41 damage, and now have 25/74 hp.
MASSIVE DAMAGE!! (PAUSE)
You lost 2 mp, and now have 16/23 mp.
The searing ray hits the two-headed ogre!
The two-headed ogre hits you with a +0 giant spiked club!
* * * LOW HITPOINT WARNING * * *
The two-headed ogre barely misses you. 😱 HP[-14]
You take 14 damage, and now have 11/74 hp.
The searing ray hits the two-headed ogre.
The two-headed ogre hits you with a +0 giant spiked club!
You die...

Skill      XL: |  1  2  3  4  5  6  7  8  9 10 |
---------------+-------------------------------+-----
Stealth        | 2 3 4 5 |  5.9
Conjurations   | 5 6 7 8 9 10 | 10.6
Spellcasting   | 3 4 5 6 8 9 |  9.9
Dodging        | 2 3 4 |  4.7
Fighting       | 1 2 |  2.7
Shields        | 1 2 |  2.4
Maces & Flails | 2 |  2.5
Translocations | |  0.8

Action                   |  1- 3 |  4- 6 |  7- 9 | 10-12 || total
-------------------------+-------+-------+-------+-------++-------
Melee: Dagger            |     2 |       |       |       ||     2
       Rapier            |       |     2 |       |       ||     2
       Flail             |       |       |    11 |     5 ||    16
       Tailslap          |       |       |     2 |       ||     2
       Dire flail        |       |       |       |     3 ||     3
 Cast: Magic Dart        |    54 |    20 |   111 |    81 ||   266
       Searing Ray       |     6 |    11 |    71 |    38 ||   126
       Iskenderun's Myst |       |       |       |     4 ||     4
       Fulminant Prism   |       |       |       |     1 ||     1
 Abil: Breathe Lightning |       |       |    17 |    11 ||    28
  Use: Potion            |       |     1 |       |       ||     1
       Scroll            |       |       |     7 |     4 ||    11
Armor: Skin              |       |     3 |    27 |    51 ||    81
Dodge: Dodged            |     4 |    15 |    60 |    85 ||   164
Block: Other             |       |     3 |    17 |     7 ||    27
       Reflection        |       |       |     1 |       ||     1

Levels and vault maps discovered:
D:1:      dpeg_arrival_arbitrary_a, layout_basic, serial_shops, shop,
          grunt_decor_resistance
D:2:      layout_basic, uniq_jessica
D:3:      layout_rooms, amcnicky_altar_gilded, serial_shops, nicolae_shop_trees,
          shop_coins, ebering_ghost_gozag, uniq_sigmund
D:4:      layout_cave_pods, tgw_trog, lemuel_round_altar, gammafunk_ghost_split,
          nicolae_shop_sticking_my_neck_out, uniq_edmund
D:5:      layout_basic, chequers_temple_overflow_statue_of_worship, uniq_grinder
D:6:      layout_basic, general_overflow_altar, minmay_temple_entry_slanted,
          uniq_pikel
D:7:      layout_basic, uniq_prince_ribbit1
D:8:      minmay_evil_eye, layout_basic, serial_co_window_serial,
          co_window_corner_a, co_window_paths_b, co_window_paths_b,
          co_window_paths_b, co_window_paths_a, co_window_paths_b,
          co_window_paths_a, co_window_of_opportunity_c, co_window_cross_3,
          co_window_cross_4, co_window_broadway_b, co_window_of_opportunity_b,
          co_window_4corner_a, glass_columns_b, glass_columns_a, glass_columns_a
D:9:      minmay_weird_star, layout_layer_cave, hellmonk_bongcloud_opening
D:10:     layout_loops_cross, nicolae_uskayaw_en_pointe, lemuel_tele_altar,
          erik_lair_island, serial_bayou, serial_bayou_pond_d,
          serial_bayou_pond_b, serial_bayou_pond_e,
          nicolae_trove_entry_path_of_doom
D:11:     layout_layer_cave, erik_orc_3
Temple:   eino_temple_lava

Notes
Turn   | Place    | Note
-------+----------+-------------------------------------------
     0 | D:1      | mortz the Draconian Conjurer began the quest for the Orb.
     0 | D:1      | Reached XP level 1. HP: 14/14 MP: 3/3
     0 | D:1      | magus.rc [v1.9.6]
   239 | D:1      | You pick up a book of Decay and begin reading...
   239 | D:1      | You add the spells Corpse Rot, Dispel Undead and Death
                  | Channel to your library.
   525 | D:1      | Reached XP level 2. HP: 20/20 MP: 3/5
   566 | D:1      | Learned a level 2 spell: Searing Ray
  1043 | D:1      | Found Ewuuplif's Distillery.
  1539 | D:2      | Reached XP level 3. HP: 26/26 MP: 3/6
  1868 | D:2      | You pick up a book of Misfortune and begin reading...
  1868 | D:2      | You add the spells Confusing Touch, Yara's Violent
                  | Unravelling and Enfeeble to your library.
  2322 | D:2      | Noticed Jessica
  2332 | D:2      | Killed Jessica
  2333 | D:2      | Reached skill level 2 in Stealth
  2333 | D:2      | Reached skill level 5 in Conjurations
  2333 | D:2      | Reached XP level 4. HP: 30/33 MP: 1/8
  2499 | D:1      | Bought a potion of curing for 36 gold pieces
  2715 | D:3      | Found Vinej's Antique Weapon Boutique.
  2724 | D:3      | Found a blossoming altar of Fedhas.
  2739 | D:3      | Found Kieppyot's Jewellery Boutique.
  2797 | D:3      | Found a runed translucent gate.
  2797 | D:3      | Found a runed translucent gate.
  2798 | D:3      | Found a runed translucent gate.
  2798 | D:3      | Found an opulent altar of Gozag.
  2800 | D:3      | Noticed an ogre
  2801 | D:3      | Noticed Selrock's ghost (amateur SpVM)
  2885 | D:3      | Noticed Sigmund
  2918 | D:3      | You pick up a book of Winter and begin reading...
  2918 | D:3      | You add the spells Ozocubu's Armour, Metabolic Englaciation
                  | and Simulacrum to your library.
  2930 | D:3      | Noticed a scorpion
  2971 | D:3      | Killed a scorpion
  2972 | D:3      | Reached skill level 3 in Spellcasting
  3258 | D:1      | Bought a potion of curing for 36 gold pieces
  3258 | D:1      | Bought a potion of curing for 36 gold pieces
  3397 | D:3      | Reached XP level 5. HP: 38/38 MP: 7/9
  3429 | D:3      | Killed Sigmund
  3430 | D:3      | Reached skill level 2 in Dodging
  3430 | D:3      | Reached skill level 6 in Conjurations
  3430 | D:3      | Reached XP level 6. HP: 43/45 MP: 2/11
  3812 | D:3      | Killed Selrock's ghost
  3812 | D:3      | HP: 10/45 [ogre/+0 giant club (13)]
  3814 | D:3      | Reached skill level 4 in Spellcasting
  4145 | D:4      | Reached skill level 3 in Stealth
  4145 | D:4      | Your scales start taking on a glossy black colour.
  4145 | D:4      | Reached XP level 7. HP: 50/50 MP: 7/13
  4145 | D:4      | Gained mutation: You are resistant to electric shocks.
                  | (rElec) [Black Draconian growth]
  4220 | D:4      | Found a glowing silver altar of Zin.
  4436 | D:4      | Found Xell's Neck Hole.
  4811 | D:4      | Noticed a moth of wrath
  4818 | D:4      | Found a bloodstained altar of Trog.
  5071 | D:4      | Noticed smarlow's ghost (novice DjCj)
  5082 | D:4      | Found a runed translucent gate.
  5082 | D:4      | Found a runed translucent gate.
  5084 | D:4      | Noticed Edmund
  5093 | D:4      | Killed Edmund
  5094 | D:4      | Reached skill level 5 in Spellcasting
  5094 | D:4      | Reached skill level 7 in Conjurations
  5153 | D:4      | Found a runed translucent gate.
  5469 | D:5      | Entered Level 5 of the Dungeon
  5614 | D:5      | Noticed Grinder
  5640 | D:5      | Killed Grinder
  5641 | D:5      | Reached skill level 4 in Stealth
  5641 | D:5      | Reached XP level 8. HP: 38/58 MP: 5/16
  5917 | D:5      | Found an ornate altar of the Wu Jian Council.
  5920 | D:5      | Found a hazy altar of Hepliaklqana.
  5972 | D:5      | Reached skill level 6 in Spellcasting
  6330 | D:5      | Reached skill level 8 in Conjurations
  6749 | D:6      | Reached skill level 5 in Stealth
  7107 | D:6      | Noticed Pikel
  7176 | D:6      | Reached XP level 9. HP: 63/63 MP: 13/19
  7181 | D:6      | Learned a level 4 spell: Fulminant Prism
  7186 | D:6      | Learned a level 4 spell: Iskenderun's Mystic Blast
  7243 | D:6      | Reached skill level 7 in Spellcasting
  7352 | D:6      | Found a staircase to the Ecumenical Temple.
  7360 | Temple   | Entered the Ecumenical Temple
  7377 | Temple   | Became a worshipper of Vehumet
  7621 | D:6      | Killed Pikel
  7622 | D:6      | Reached skill level 1 in Fighting
  7622 | D:6      | Reached skill level 3 in Dodging
  7622 | D:6      | Reached skill level 1 in Shields
  7808 | D:6      | Found a shimmering blue altar of Sif Muna.
  8088 | D:6      | Reached skill level 9 in Conjurations
  8215 | D:7      | Noticed Prince Ribbit
  8223 | D:7      | Killed Prince Ribbit
  8224 | D:7      | Reached skill level 8 in Spellcasting
  9321 | D:8      | You pick up a book of Dangerous Friends and begin
                  | reading...
  9321 | D:8      | You add the spells Summon Guardian Golem, Orb of
                  | Destruction and Spellforged Servitor to your library.
  9333 | D:8      | Identified the +0 pair of boots of the Modern Orbs {rPois
                  | Str+2 Int+4 Dex-2 SInv}
  9459 | D:8      | Reached * piety under Vehumet
  9459 | D:8      | Offered knowledge of Shock by Vehumet.
  9821 | D:8      | Reached XP level 10. HP: 68/71 MP: 7/22
 10288 | D:8      | Reached skill level 9 in Spellcasting
 11490 | D:4      | Bought an amulet of regeneration for 420 gold pieces
 11722 | D:9      | Reached skill level 10 in Conjurations
 11797 | D:9      | Reached skill level 4 in Dodging
 11873 | D:9      | Reached skill level 1 in Maces & Flails
 12345 | D:9      | You pick up a book of Changes and begin reading...
 12345 | D:9      | You add the spells Beastly Appendage, Wereblood and Spider
                  | Form to your library.
 12890 | D:10     | Entered Level 10 of the Dungeon
 12919 | D:10     | Noticed a cyclops
 12951 | D:10     | Killed a cyclops
 13127 | D:10     | Reached skill level 2 in Maces & Flails
 13147 | D:10     | Reached skill level 2 in Shields
 13186 | D:9      | Reached ** piety under Vehumet
 13360 | D:10     | Offered knowledge of Foxfire by Vehumet.
 13450 | D:10     | Reached skill level 2 in Fighting
 13521 | D:10     | Noticed a fire dragon
 13611 | D:10     | Noticed a +0 dagger
 13611 | D:10     | Noticed a +0 dagger
 13612 | D:10     | Noticed a +0 spear
 13612 | D:10     | Noticed a +0 spear
 13612 | D:10     | Noticed a +0 falchion
 13612 | D:10     | Noticed a +0 falchion
 13612 | D:10     | Noticed a +0 short sword
 13612 | D:10     | Noticed a +0 short sword
 13618 | D:10     | Found a hide-covered altar of Uskayaw.
 13690 | D:10     | Found a portal to a secret trove of treasure.
 13918 | D:10     | This trove needs +3 storm dragon scales to function. Give
                  | it the item?
 13918 | D:10     | This trove needs +3 storm dragon scales to function. Give
                  | it the item?
 14232 | D:10     | Found a staircase to the Lair.
 14373 | D:10     | Found an ancient bone altar of Kikubaaqudgha.
 14694 | D:11     | Noticed a two-headed ogre
 14700 | D:11     | HP: 11/74 [two-headed ogre/+0 giant spiked club (15)]
 14701 | D:11     | Slain by a two-headed ogre

Vanquished Creatures
  Pikel (D:6)
  A cyclops (D:10)
  2 guardian mummies (D:10)
  A troll (D:10)
  Prince Ribbit (D:7)
  Grinder (D:5)
  A vampire (D:6)
  A shadow (D:9)
  Sigmund (D:3)
  4 yaks (D:8)
  2 steam dragons (D:8)
  Edmund (D:4)
  An acid dragon (D:10)
  3 black bears (D:5)
  An orc warrior (D:8)
  2 ice beasts (D:8)
  2 necrophages
  3 ogres
  5 wolves (D:10)
  A phantom (D:4)
  A centaur (D:10)
  2 lemures
  6 kobold brigands
  The ghost of Selrock the Magician, an amateur SpVM (D:3)
  6 bullfrogs
  A scorpion (D:3)
  A water moccasin zombie (D:7)
  10 wights
  6 killer bees (D:10)
  4 electric eels (D:10)
  A bullfrog zombie (D:6)
  2 centaur zombies (D:6)
  3 hounds
  A jelly (D:5)
  A gnoll shaman (D:8)
  2 centaur skeletons
  An orc priest (D:8)
  Jessica (D:2)
  4 iguanas
  3 orc wizards
  A howler monkey zombie (D:6)
  4 gnolls (D:8)
  2 howler monkey skeletons (D:5)
  3 adders
  2 white imps
  2 ufetubi
  2 adder skeletons
  3 worms
  6 dart slugs
  12 orcs
  9 ball pythons
  7 endoplasms
  2 giant cockroaches
  3 goblins
  3 hobgoblins
  2 jackals (D:2)
  37 kobolds
  5 quokkas
  4 bats
  3 frilled lizards
  6 rats
210 creatures vanquished.

Vanquished Creatures (others)
  A kobold brigand (D:6)
  A fulminant prism (D:10)
  17 plants (D:10)
19 creatures vanquished.

Grand Total: 229 creatures vanquished

Table legend:
 A = Non-vault XP
 B = Vault XP
 C = Vault XP percentage of total XP
 D = Non-vault monster count
 E = Vault monster count
 F = Vault count percentage of total count
                 A         B        C        D         E       F
            +---------+---------+-------+---------+---------+-------
      Total |    6863 |    3959 |  36.6 |     179 |      30 |  14.4
            +---------+---------+-------+---------+---------+-------
        D:1 |      35 |       0 |   0.0 |      16 |       0 |   0.0
        D:2 |      28 |      37 |  56.9 |      15 |       1 |   6.2
        D:3 |     102 |     421 |  80.5 |      10 |       5 |  33.3
        D:4 |     411 |     182 |  30.7 |      13 |       6 |  31.6
        D:5 |     765 |     281 |  26.9 |      19 |       1 |   5.0
        D:6 |     989 |     617 |  38.4 |      27 |       1 |   3.6
        D:7 |     629 |     283 |  31.0 |      15 |       1 |   6.2
        D:8 |    1625 |     329 |  16.8 |      23 |       3 |  11.5
        D:9 |     516 |      48 |   8.5 |      12 |       1 |   7.7
       D:10 |    1763 |    1761 |  50.0 |      29 |      11 |  27.5
            +---------+---------+-------+---------+---------+-------

Illustrated notes

Table legend:
 A = Kills in this place as a percentage of kills in entire the game.
 B = Kills by you in this place as a percentage of kills by you in the entire game.
 C = Kills by friends in this place as a percentage of kills by friends in the entire game.
 D = Other kills in this place as a percentage of other kills in the entire game.
 E = Experience gained in this place as a percentage of experience gained in the entire game.
 F = Experience gained in this place divided by the number of levels of this place that you have seen.
                   A       B       C       D       E      F
               +-------+-------+-------+-------+-------+----------------------
         Total | 100.0 | 100.0 |   N/A | 100.0 | 100.0 | 901.8
       Dungeon | 100.0 | 100.0 |   N/A | 100.0 | 100.0 | 983.8
               +-------+-------+-------+-------+-------+----------------------

Table legend: (Time is in decaauts)
 A = Elapsed time spent in this place.
 B = Non-inter-level travel time spent in this place.
 C = Inter-level travel time spent in this place.
 D = Time resting spent in this place.
 E = Time spent auto-exploring this place.
 F = Levels seen in this place.
 G = Mean time per level.
                   A        B        C        D        E       F      G
               +--------+--------+--------+--------+--------+-----+--------+
         Total |  14739 |  13325 |   1414 |    906 |  10340 |  12 | 1228.2 |
       Dungeon |  14712 |  13305 |   1407 |    906 |  10334 |  11 | 1337.5 |
        Temple |     26 |     19 |      7 |      0 |      6 |   1 |   26.0 |
               +--------+--------+--------+--------+--------+-----+--------+

Top non-repeatable levels by time:
     D:8: 2136 daAuts
     D:1: 1641 daAuts
     D:9: 1625 daAuts
     D:4: 1595 daAuts
    D:10: 1543 daAuts
     D:6: 1446 daAuts
     D:3: 1251 daAuts
     D:5: 1233 daAuts
     D:2: 1179 daAuts
     D:7: 1038 daAuts
  Temple: 26 daAuts
    D:11: 20 daAuts
